 Dungeon Crawl Stone Soup version 0.18.1-50-g88ac8fd (webtiles) character file.

399 theRoog the Skirmisher (level 6, -2/56 HPs)
             Began as a Minotaur Berserker on Oct 4, 2016.
             Was a Priest of Trog.
             Slain by a sky beast (6 damage)
             ... on level 5 of the Dungeon.
             The game lasted 00:09:22 (3943 turns).

theRoog the Skirmisher (Minotaur Berserker)         Turns: 3943, Time: 00:09:23

Health: -2/56      AC: 16    Str: 22 (23) XL:     6   Next: 54%
Magic:  5/5        EV:  7    Int:  4      God:    Trog [***...]
Gold:   178        SH:  0    Dex:  9 (10) Spells: 0 memorised, 5 levels left

rFire  . . .     SeeInvis .     p - +0 mace
rCold  . . .     Gourm    .     r - +0 plate armour
rNeg   . . .     Faith    .     (no shield)
rPois  .         Spirit   .     (helmet restricted)
rElec  .         Dismiss  .     (no cloak)
rCorr  .         Reflect  .     (no gloves)
SustAt .         Harm     .     v - +2 pair of boots
MR     .....                    (no amulet)
Stlth  ..........               (no ring)
                                (no ring)

@: not resistant to hostile enchantments, extremely unstealthy
A: retaliatory headbutt, horns 2, molten scales 1
a: Berserk, Trog's Hand, Burn Spellbooks, Renounce Religion


You were on level 5 of the Dungeon.
You worshipped Trog.
Trog was most pleased with you.
You were not hungry.

You visited 1 branch of the dungeon, and saw 5 of its levels.

You collected 178 gold pieces.

Inventory:

Hand Weapons
 a - a +0 spear
 l - a +1 whip of venom
 p - a +0 mace (weapon)
Armour
 b - a +0 animal skin
 i - a +0 ring mail
 q - a +0 scale mail
 r - a +0 plate armour (worn)
 v - a +2 pair of boots (worn)
Jewellery
 f - an uncursed ring of poison resistance {unknown}
Wands
 j - a wand of confusion (21/48)
 x - a wand of flame (35/48)
Scrolls
 e - a scroll of blinking
 h - a scroll of magic mapping
 m - a scroll of noise
 n - 3 scrolls of immolation
 o - 2 scrolls of fear
 w - a scroll of acquirement {unknown}
Potions
 g - a potion of lignification
 k - 2 potions of curing
 s - a potion of haste {unknown}
 t - a potion of might {unknown}
Comestibles
 c - 2 bread rations
 d - a meat ration
 u - a slice of pizza


   Skills:
 + Level 5.3 Fighting
 + Level 1.4 Maces & Flails
 + Level 5.1 Polearms
 + Level 4.2 Armour
 + Level 4.2 Dodging
 + Level 1.0 Stealth


You had 5 spell levels left.
You didn't know any spells.

Dungeon Overview and Level Annotations

Branches:
Dungeon (5/15)
 Temple: D:4-7

Altars:
Ashenzari
Elyvilon
Gozag
Makhleb
Pakellas
Vehumet
Xom

Shops:
D:4 (


Innate Abilities, Weirdness & Mutations

You reflexively headbutt those who attack you in melee.
You have a pair of horns on your head.
You are partially covered in molten scales (AC +1).


Message History

The ice beast hits you but does no damage.
Something hits you but does no damage.
The ice beast hits you but does no damage.
Your plate armour prevents you from hitting something.
Your headbutt misses something. Something hits you. Something shocks you.
The ice beast barely misses you.
Your plate armour prevents you from hitting something.
Something hits you. Something shocks you.
The ice beast hits you but does no damage.
You closely miss something. Something hits you. Something shocks you.
The ice beast hits you but does no damage.
Something hits you. Something shocks you. The ice beast hits you.
The ice beast freezes you!
* * * LOW HITPOINT WARNING * * *
You sock something! Something hits you but does no damage.
The ice beast barely misses you.
You miss something. Something hits you.
* * * LOW HITPOINT WARNING * * *
Something shocks you.
You die...

### #.# ###########
#.# #..........
#.## #..........
#..## #...[......
#...## #..........
#.#..####..{Y......
#.##....###@# .#
#.#####.#...##.#
#.# #.#.####.# #
#.# ##...## #.# #
#.# #.....# #.# ###
#.# #.###.# #.# ..#
#.# #.# #.###.##
#.# ##.# ##.#
#......# #.# #..#
#..# #####[.#


You could see an ice beast.

Vanquished Creatures
  An ice beast (D:5)
  A howler monkey (D:4)
  A hound (D:4)
  An iguana (D:4)
  Ijyb (D:2)
  Terence (D:3)
  8 adders
  An ooze (D:1)
  2 worms (D:2)
  2 dart slugs (D:2)
  4 giant geckos
  An orc (D:5)
  8 bats
  5 giant cockroaches
  9 goblins
  6 hobgoblins
  2 jackals (D:3)
  5 quokkas
  2 ball pythons
  2 giant gecko skeletons (D:4)
  11 giant newts
  14 kobolds
  A quokka zombie (D:5)
  4 rats (D:1)
93 creatures vanquished.

Notes
Turn   | Place    | Note
--------------------------------------------------------------
     0 | D:1      | theRoog the Minotaur Berserker began the quest for the Orb.
     0 | D:1      | Reached XP level 1. HP: 19/19 MP: 0/0
   147 | D:1      | Reached XP level 2. HP: 26/27 MP: 1/1
   350 | D:1      | Reached ** piety under Trog
   486 | D:1      | Reached XP level 3. HP: 24/33 MP: 2/2
   809 | D:2      | Noticed Ijyb
   845 | D:2      | Killed Ijyb
   867 | D:2      | Reached XP level 4. HP: 36/41 MP: 3/3
  1279 | D:2      | Found a shattered altar of Ashenzari.
  1357 | D:2      | Found a faded altar to an unknown god.
  1535 | D:3      | Noticed Terence
  1544 | D:3      | Killed Terence
  1583 | D:3      | Gained mutation: You are partially covered in molten scales (AC +1). [potion of mutation]
  1583 | D:3      | Gained mutation: Your natural rate of healing is unusually fast. [potion of mutation]
  1585 | D:3      | Gained mutation: You are partially covered in slimy green scales (AC +2). [potion of beneficial mutation]
  1587 | D:3      | Lost mutation: You are partially covered in slimy green scales (AC +2). [potion of cure mutation]
  1587 | D:3      | Lost mutation: Your natural rate of healing is unusually fast. [potion of cure mutation]
  1608 | D:3      | Reached XP level 5. HP: 47/47 MP: 4/4
  1657 | D:3      | Reached *** piety under Trog
  1664 | D:3      | Found an oddly glowing altar of Pakellas.
  1666 | D:3      | Found a radiant altar of Vehumet.
  1767 | D:3      | Found a shimmering altar of Xom.
  1767 | D:3      | Found a shimmering altar of Xom.
  1768 | D:3      | Found a shimmering altar of Xom.
  1769 | D:3      | Found a shimmering altar of Xom.
  1849 | D:3      | Reached skill level 5 in Polearms
  2675 | D:4      | Reached skill level 1 in Stealth
  2963 | D:4      | Found a burning altar of Makhleb.
  2970 | D:4      | Reached skill level 5 in Fighting
  3027 | D:4      | Reached XP level 6. HP: 44/56 MP: 5/5
  3258 | D:4      | Found Okashuul's Antique Weapon Shop.
  3271 | D:4      | Reached skill level 1 in Maces & Flails
  3401 | D:4      | Found a white marble altar of Elyvilon.
  3474 | D:5      | Entered Level 5 of the Dungeon
  3474 | D:5      | Found an opulent altar of Gozag.
  3568 | D:5      | Noticed an ice beast
  3583 | D:5      | Killed an ice beast
  3934 | D:5      | Noticed an ice beast
  3934 | D:5      | Noticed a sky beast
  3943 | D:5      | Slain by a sky beast

Skill      XL: |  1  2  3  4  5  6 |
---------------+-------------------+-----
Polearms       | 4 5 |  5.1
Fighting       | 4 5 |  5.3
Dodging        | 3 4 |  4.2
Armour         | 3 4 |  4.2
Stealth        | 1 |  1.0
Maces & Flails | 1 |  1.4

Action                   |  1- 3 |  4- 6 || total
-------------------------+-------+-------++-------
Melee: Spear             |    82 |    62 ||   144
       Headbutt          |     9 |    30 ||    39
       Mace              |       |   129 ||   129
  Use: Potion            |       |     6 ||     6
       Scroll            |       |     7 ||     7
 Stab: Sleeping          |     1 |       ||     1
  Eat: Bread ration      |       |     2 ||     2
       Pizza             |       |     1 ||     1
Armor: Animal skin       |     3 |       ||     3
       Ring mail         |     6 |     8 ||    14
       Scale mail        |       |    51 ||    51
       Plate armour      |       |    35 ||    35
Dodge: Dodged            |    40 |   108 ||   148
